[Event "Rated Blitz game"]
[Site "?"]
[Date "2021.03.11"]
[Round "?"]
[White "brunosten"]
[Black "heisenber_g"]
[Result "0-1"]
[ECO "C46"]
[WhiteElo "2463"]
[BlackElo "2429"]
[PlyCount "122"]
[EventDate "2021.??.??"]
[EventType "blitz"]
[TimeControl "180"]

1. e4 e5 2. Nf3 Nf6 3. Nc3 Nc6 4. Nxe5 Nxe5 5. d4 Ng6 6. e5 Bb4 7. exf6 Qxf6 8.
Be2 O-O 9. O-O c6 10. Ne4 Qd8 11. d5 Re8 12. Ng3 d6 13. a3 Ba5 14. b4 Bb6 15.
c4 c5 16. Bb2 Qh4 17. Rc1 Bd7 18. Bd3 Ne5 19. Bxe5 Rxe5 20. Qf3 Rae8 21. Nf5
Qf6 22. Ng3 Qxf3 23. gxf3 g6 24. f4 R5e7 25. f5 Kg7 26. fxg6 hxg6 27. Kg2 Re5
28. Rfd1 f5 29. f4 Re3 30. b5 Ba5 31. Rc2 Rh8 32. Re2 Rxe2+ 33. Bxe2 Rh4 34.
Bf3 Rxf4 35. Rc1 Rd4 36. Rc2 Kf6 37. Ne2 Rd3 38. Nf4 Rxa3 39. Re2 Rc3 40. Ne6
Rxc4 41. Nf8 Bxb5 42. Re6+ Kg5 43. Kg3 f4+ 44. Kh3 Rd4 45. Rxg6+ Kf5 46. Bg4+
Ke4 47. Rg5 Bf1+ 48. Kh4 Be1+ 49. Kh5 Kd3 50. Bf3 c4 51. Ne6 c3 52. Nxd4 Kxd4
53. Bd1 Bd3 54. Bc2 Bxc2 55. Rg4 Bd1 56. Kg6 Bxg4 57. Kg5 c2 58. Kxf4 c1=Q+ 59.
Kxg4 Qe3 60. Kf5 Qe5+ 61. Kg6 Qxd5 {Time forfeit} 0-1

[Event "Rated Blitz tournament kgJVAuID"]
[Site "?"]
[Date "2021.03.11"]
[Round "?"]
[White "sim13a"]
[Black "chicago_blitzer"]
[Result "0-1"]
[ECO "C46"]
[WhiteElo "2358"]
[BlackElo "2431"]
[PlyCount "70"]
[EventDate "2021.??.??"]
[EventType "blitz"]
[TimeControl "180+2"]

1. e4 e5 2. Nf3 Nc6 3. Nc3 Nf6 4. Nxe5 Nxe5 5. d4 Bb4 6. dxe5 Nxe4 7. Qd4 Bxc3+
8. bxc3 d5 9. Ba3 Be6 10. Bd3 f5 11. exf6 Qxf6 12. O-O Qxd4 13. cxd4 O-O-O 14.
f3 Nd6 15. Rfe1 Rhe8 16. Bxd6 Rxd6 17. Re5 Kd8 18. Rae1 g6 19. Kf2 Bf7 20. g4
Rb6 21. a4 Rb4 22. a5 Rxd4 23. Rxe8+ Bxe8 24. Rb1 b6 25. axb6 axb6 26. Kg3 Ra4
27. Bb5 Bxb5 28. Rxb5 Ra5 29. Rb1 Rc5 30. Rd1 Ke7 31. Rd2 Kf6 32. f4 Rc3+ 33.
Kh4 c6 34. Rf2 b5 35. f5 g5+ {Normal} 0-1

[Event "Rated Blitz game"]
[Site "?"]
[Date "2021.03.10"]
[Round "?"]
[White "PurgeDota"]
[Black "andresgv36"]
[Result "0-1"]
[ECO "C46"]
[WhiteElo "2220"]
[BlackElo "2401"]
[PlyCount "42"]
[EventDate "2021.??.??"]
[EventType "blitz"]
[TimeControl "180"]

1. e4 e5 2. Nf3 Nc6 3. Nc3 Nf6 4. Nxe5 Nxe5 5. d4 Ng6 6. e5 Bb4 7. exf6 Qxf6 8.
Qe2+ Qe7 9. h4 Qxe2+ 10. Bxe2 O-O 11. h5 Ne7 12. Bd2 Nf5 13. Nb5 Bxd2+ 14. Kxd2
c6 15. Bg4 Nh6 16. Nc7 Rb8 17. Bh3 d5 18. Rhe1 Bxh3 19. gxh3 Nf5 20. c3 Rfc8
21. Re5 Nd6 {Time forfeit} 0-1

[Event "Rated Blitz tournament u1k49I7S"]
[Site "?"]
[Date "2021.03.09"]
[Round "?"]
[White "championdemala"]
[Black "ChessHobbits99"]
[Result "1-0"]
[ECO "C46"]
[WhiteElo "2273"]
[BlackElo "2575"]
[PlyCount "75"]
[EventDate "2021.??.??"]
[EventType "blitz"]
[TimeControl "180+2"]

1. e4 e5 2. Nf3 Nf6 3. Nc3 Nc6 4. Nxe5 Bc5 5. Nf3 d5 6. exd5 Nxd5 7. d4 Bb4 8.
Bd2 O-O 9. Be2 Bxc3 10. bxc3 Re8 11. O-O Bf5 12. h3 Nb6 13. Bd3 Qd7 14. Re1 Na5
15. Ne5 Qc8 16. Qf3 Be6 17. Qh5 g6 18. Qh6 Bf5 19. Bg5 Nd5 20. Nxf7 Bxd3 21.
cxd3 Qf5 22. Ne5 Nxc3 23. Rac1 Nb5 24. a4 Nd6 25. Rxc7 Nf7 26. Rxf7 Qxf7 27.
Nxf7 Rxe1+ 28. Kh2 Nc6 29. Nd6 Nxd4 30. Bf6 Ne6 31. Qd2 Rb1 32. Qa2 Re1 33. Ne4
Kf7 34. Bc3 Rc1 35. Ng5+ Ke8 36. Qxe6+ Kd8 37. Nf7+ Kc7 38. Be5# {Normal} 1-0

[Event "Rated Blitz game"]
[Site "?"]
[Date "2021.03.09"]
[Round "?"]
[White "vladlitus"]
[Black "PJatoba"]
[Result "0-1"]
[ECO "C46"]
[WhiteElo "2413"]
[BlackElo "2415"]
[PlyCount "70"]
[EventDate "2021.??.??"]
[EventType "blitz"]
[TimeControl "180+2"]

1. e4 e5 2. Nc3 Nf6 3. Nf3 Nc6 4. Nxe5 Nxe5 5. d4 Nc6 6. d5 Bb4 7. dxc6 bxc6 8.
e5 Qe7 9. Qe2 Nd5 10. Bd2 a5 11. Nxd5 cxd5 12. c3 Bc5 13. f4 O-O 14. O-O-O Rb8
15. Be3 a4 16. Bxc5 Qxc5 17. a3 Rb6 18. Rd4 Ba6 19. Qd2 Bxf1 20. Rxf1 Rfb8 21.
Rb4 Rxb4 22. axb4 Rxb4 23. Kb1 Rb3 24. Rd1 c6 25. Ka2 Qc4 26. Qd4 Ra3+ 27. Kb1
Qa2+ 28. Kc2 Rb3 29. Rb1 a3 30. c4 dxc4 31. Qxd7 Rxb2+ 32. Rxb2 Qxb2+ 33. Kd1
Qb1+ 34. Ke2 Qe4+ 35. Kf2 Qxf4+ {Normal} 0-1

[Event "Rated Blitz game"]
[Site "?"]
[Date "2021.03.08"]
[Round "?"]
[White "VuskyM"]
[Black "LuisFlaquer"]
[Result "1-0"]
[ECO "C46"]
[WhiteElo "2390"]
[BlackElo "2412"]
[PlyCount "73"]
[EventDate "2021.??.??"]
[EventType "blitz"]
[TimeControl "180"]

1. e4 e5 2. Nf3 Nc6 3. Nc3 Nf6 4. Nxe5 Nxe5 5. d4 Ng6 6. e5 Ng8 7. Bc4 d6 8. f4
c6 9. O-O d5 10. Bd3 f5 11. exf6 Nxf6 12. f5 Ne7 13. Bg5 Neg8 14. Re1+ Kf7 15.
Ne2 Bd6 16. Bf4 Nh6 17. Be5 Bxf5 18. Rf1 g6 19. Ng3 Bxe5 20. dxe5 Nfg4 21. Nxf5
gxf5 22. Bxf5 Qb6+ 23. Kh1 Nf2+ 24. Rxf2 Qxf2 25. Qh5+ Ke7 26. Qg5+ Ke8 27. Bd3
Rg8 28. Qh5+ Kd7 29. Qh3+ Kc7 30. Rf1 Qd2 31. Bxh7 Raf8 32. Rg1 Rh8 33. Bd3 Nf5
34. Qg4 Qe3 35. Bxf5 Qxe5 36. Qg3 Qxg3 37. h3 {Time forfeit} 1-0

[Event "Rated Blitz game"]
[Site "?"]
[Date "2021.03.08"]
[Round "?"]
[White "xenta_absenta"]
[Black "nemesisaj"]
[Result "1-0"]
[ECO "C46"]
[WhiteElo "2425"]
[BlackElo "2409"]
[PlyCount "45"]
[EventDate "2021.??.??"]
[EventType "blitz"]
[TimeControl "180"]

1. e4 e5 2. Nf3 Nc6 3. Nc3 Nf6 4. Nxe5 Nxe5 5. d4 Ng6 6. e5 Ng8 7. Bc4 N8e7 8.
Qf3 d5 9. exd6 Be6 10. Bxe6 fxe6 11. dxe7 Bxe7 12. Be3 c6 13. O-O-O Qa5 14. Qg4
Qf5 15. Qxf5 exf5 16. d5 f4 17. Bd4 c5 18. Bxg7 Rg8 19. Bh6 O-O-O 20. g3 Bd6
21. Ne4 fxg3 22. hxg3 Be5 23. Nxc5 {Normal} 1-0

[Event "Rated Blitz game"]
[Site "?"]
[Date "2021.03.08"]
[Round "?"]
[White "VuskyM"]
[Black "LuisFlaquer"]
[Result "0-1"]
[ECO "C46"]
[WhiteElo "2401"]
[BlackElo "2400"]
[PlyCount "24"]
[EventDate "2021.??.??"]
[EventType "blitz"]
[TimeControl "180"]

1. e4 e5 2. Nf3 Nc6 3. Nc3 Nf6 4. Nxe5 Nxe5 5. d4 Nc6 6. d5 Nb8 7. e5 Qe7 8.
Qd4 d6 9. f4 Nbd7 10. Be3 dxe5 11. fxe5 Qxe5 12. O-O-O Bd6 {Normal} 0-1

[Event "Rated Blitz game"]
[Site "?"]
[Date "2021.03.08"]
[Round "?"]
[White "vladlitus"]
[Black "mostmodest"]
[Result "1/2-1/2"]
[ECO "C46"]
[WhiteElo "2417"]
[BlackElo "2473"]
[PlyCount "181"]
[EventDate "2021.??.??"]
[EventType "blitz"]
[TimeControl "180+2"]

1. e4 e5 2. Nc3 Nf6 3. Nf3 Nc6 4. Nxe5 Nxe5 5. d4 Ng6 6. e5 Ng8 7. Bc4 d5 8.
Bxd5 Bb4 9. Qf3 Qd7 10. Bxb7 Bxb7 11. Qxb7 Bxc3+ 12. bxc3 Rd8 13. Qxa7 Qc6 14.
O-O Ra8 15. Qc5 Qxc5 16. dxc5 N8e7 17. f4 h5 18. a4 Kd7 19. Be3 Nf5 20. Bd4 Kc6
21. g3 Rhd8 22. Rfd1 Nf8 23. a5 Ra6 24. Ra4 Ne6 25. Kf2 Kb5 26. Rb4+ Kc6 27.
Ra4 Nxc5 28. Rc4 Rxa5 29. Rd3 Rd5 30. h3 Ra2 31. Rd2 Ne7 32. Ke2 Nc8 33. g4
hxg4 34. hxg4 Nb6 35. Rxc5+ Rxc5 36. Bxc5 Kxc5 37. Kf3 Ra3 38. Rd3 Kc4 39. Ke4
Rxc3 40. Rd4+ Kc5 41. Rd8 Rxc2 42. Rg8 g6 43. Rg7 Kb4 44. Rxf7 c5 45. Rb7 Kb5
46. f5 gxf5+ 47. gxf5 Rc4+ 48. Kf3 Kc6 49. Rb8 Nd7 50. Re8 Rc3+ 51. Kf4 Rc1 52.
e6 Nf6 53. Rc8+ Kd6 54. Rd8+ Ke7 55. Rc8 Rf1+ 56. Ke5 Ng4+ 57. Ke4 Rc1 58. Rc7+
Kd6 59. Rd7+ Kc6 60. Rd2 Re1+ 61. Kf4 Nf6 62. Rd8 Nd5+ 63. Kg5 Rg1+ 64. Kh6 c4
65. Rc8+ Kb5 66. Rd8 Kc5 67. Rc8+ Kd4 68. Rd8 Ke5 69. Rxd5+ Kxd5 70. e7 Rg8 71.
Kh7 Ra8 72. Kg7 c3 73. f6 c2 74. f7 c1=Q 75. f8=Q Qg5+ 76. Kh7 Qh5+ 77. Kg7
Qe5+ 78. Kh7 Qe4+ 79. Kg7 Qg4+ 80. Kh7 Qh4+ 81. Kg7 Qg3+ 82. Kh7 Qd3+ 83. Kg7
Qd4+ 84. Kh7 Qd3+ 85. Kg7 Qc3+ 86. Kh7 Qc8 87. Kg7 Qe8 88. Qxe8 Rxe8 89. Kf7
Ra8 90. e8=Q Rxe8 91. Kxe8 {Normal} 1/2-1/2

[Event "Rated Blitz game"]
[Site "?"]
[Date "2021.03.08"]
[Round "?"]
[White "lederman"]
[Black "ARM__90_92"]
[Result "1-0"]
[ECO "C46"]
[WhiteElo "2430"]
[BlackElo "2483"]
[PlyCount "51"]
[EventDate "2021.??.??"]
[EventType "blitz"]
[TimeControl "180+2"]

1. e4 e5 2. Nf3 Nc6 3. Nc3 Nf6 4. Nxe5 Nxe5 5. d4 Nc6 6. e5 Ng8 7. Bc4 Bb4 8.
O-O Nge7 9. f4 O-O 10. f5 d5 11. Bd3 Nxd4 12. f6 Ng6 13. Bg5 Re8 14. Qh5 Rxe5
15. Rae1 Rxe1 16. Rxe1 Ne6 17. Bh4 gxf6 18. Rf1 Be7 19. Nxd5 c6 20. Nxf6+ Bxf6
21. Bxf6 Qf8 22. Kh1 Nef4 23. Rxf4 Be6 24. Rh4 h6 25. Bxg6 Qd6 26. Bd3 {Normal}
1-0

[Event "Rated Blitz game"]
[Site "?"]
[Date "2021.03.08"]
[Round "?"]
[White "lederman"]
[Black "Morgan727"]
[Result "0-1"]
[ECO "C46"]
[WhiteElo "2430"]
[BlackElo "2436"]
[PlyCount "34"]
[EventDate "2021.??.??"]
[EventType "blitz"]
[TimeControl "180+2"]

1. e4 e5 2. Nf3 Nc6 3. Nc3 Nf6 4. Nxe5 Nxe5 5. d4 Ng6 6. e5 Ng8 7. Bc4 Bb4 8.
O-O Bxc3 9. bxc3 N8e7 10. h4 h5 11. f4 d5 12. Be2 Nf5 13. c4 Ng3 14. Rf3 Nxe2+
15. Qxe2 Bg4 16. cxd5 Qxd5 17. f5 Nxh4 {Normal} 0-1

[Event "Rated Blitz game"]
[Site "?"]
[Date "2021.03.07"]
[Round "?"]
[White "lederman"]
[Black "extermo44"]
[Result "1-0"]
[ECO "C46"]
[WhiteElo "2421"]
[BlackElo "2459"]
[PlyCount "105"]
[EventDate "2021.??.??"]
[EventType "blitz"]
[TimeControl "180+2"]

1. e4 e5 2. Nf3 Nc6 3. Nc3 Nf6 4. Nxe5 Nxe5 5. d4 Nc6 6. e5 Bb4 7. exf6 Qxf6 8.
Be3 O-O 9. Be2 d5 10. O-O Bxc3 11. bxc3 Be6 12. Qd2 h6 13. a4 a5 14. Bf4 Qe7
15. Rfe1 Qd7 16. Bb5 Bf5 17. Re5 Rfe8 18. Rae1 Rxe5 19. Rxe5 Bg6 20. h3 Re8 21.
Rxe8+ Qxe8 22. Bxc7 Qe6 23. Kh2 Qd7 24. Bg3 Qf5 25. Bd3 Qf6 26. Qe2 Kh7 27. Qe3
Ne7 28. Qe5 Qxe5 29. Bxe5 Bxd3 30. cxd3 f6 31. Bc7 Nc6 32. g4 g5 33. Kg3 Kg6
34. f3 f5 35. Kf2 h5 36. Ke3 f4+ 37. Kd2 hxg4 38. hxg4 Kf6 39. Kc2 Ke7 40. Kb3
Kd7 41. Be5 Ke6 42. Bc7 Kd7 43. Bb6 Ke6 44. c4 Kd6 45. Kc3 Ke6 46. Bc7 Kd7 47.
Be5 Ke6 48. Bg7 Nb4 49. Bh6 Kf6 50. Bf8 Na2+ 51. Kb2 Nb4 52. Bxb4 axb4 53. Kb3
{Normal} 1-0

[Event "Rated Blitz game"]
[Site "?"]
[Date "2021.03.07"]
[Round "?"]
[White "lederman"]
[Black "extermo44"]
[Result "0-1"]
[ECO "C46"]
[WhiteElo "2422"]
[BlackElo "2458"]
[PlyCount "129"]
[EventDate "2021.??.??"]
[EventType "blitz"]
[TimeControl "180+2"]

1. e4 e5 2. Nf3 Nc6 3. Nc3 Nf6 4. Nxe5 Nxe5 5. d4 Nc6 6. e5 Bb4 7. exf6 Qxf6 8.
Be3 O-O 9. Be2 Ne7 10. O-O d5 11. h3 c6 12. Bg4 Nf5 13. Bxf5 Bxf5 14. Ne2 Bd6
15. Qd2 Rfe8 16. Rae1 Qg6 17. Bf4 Bxh3 18. Ng3 Bg4 19. c3 h6 20. f3 Bd7 21. Kf2
Qf6 22. Bxd6 Qxd6 23. Nh5 Qg6 24. Nf4 Qg5 25. g3 Rxe1 26. Rxe1 Re8 27. Rxe8+
Bxe8 28. Qe3 Kf8 29. a4 a5 30. b4 axb4 31. cxb4 Qe7 32. Qc3 Qd6 33. Nd3 f6 34.
a5 Bd7 35. Nc5 Bc8 36. Qd3 Kf7 37. Qe2 Qc7 38. Qd3 b6 39. axb6 Qxb6 40. Qc3 Bf5
41. Qd2 Qb5 42. Kg2 Qc4 43. Kf2 Qc2 44. Qxc2 Bxc2 45. Ke3 h5 46. Kd2 Bf5 47.
Ke3 g5 48. Kf2 Ke7 49. Ke3 h4 50. gxh4 gxh4 51. Kf4 h3 52. Kg3 Bc8 53. Nd3 Kd6
54. Nf4 Kc7 55. Nh5 Kb6 56. Nxf6 Kb5 57. Ng4 Kxb4 58. Ne5 c5 59. Nd3+ Kc4 60.
Nxc5 Kxd4 61. Nb3+ Ke3 62. f4 d4 63. Nc5 d3 64. Nxd3 Kxd3 65. f5 {Normal} 0-1

[Event "Rated Blitz game"]
[Site "?"]
[Date "2021.03.07"]
[Round "?"]
[White "SureDo"]
[Black "Papa_1960"]
[Result "0-1"]
[ECO "C46"]
[WhiteElo "2306"]
[BlackElo "2428"]
[PlyCount "134"]
[EventDate "2021.??.??"]
[EventType "blitz"]
[TimeControl "180+2"]

1. e4 e5 2. Nf3 Nc6 3. Nc3 Nf6 4. Nxe5 Nxe5 5. d4 Ng6 6. e5 d5 7. exf6 gxf6 8.
Be3 Be6 9. Qd2 Qd7 10. O-O-O O-O-O 11. Bd3 a6 12. Kb1 Bb4 13. a3 Ba5 14. b4 Bb6
15. Kb2 Rhe8 16. g3 Kb8 17. Kb3 Bf5 18. Na4 Ba7 19. Bxf5 Qxf5 20. Qd3 Qxd3+ 21.
cxd3 f5 22. Rhg1 Re6 23. Nc5 Bxc5 24. dxc5 Kc8 25. Bd4 Kd7 26. Rge1 Rde8 27.
Bc3 Rxe1 28. Rxe1 Rxe1 29. Bxe1 b5 30. cxb6 cxb6 31. a4 b5 32. a5 d4 33. f4 Ke6
34. Bf2 Kd5 35. Kc2 Nf8 36. Bg1 Nd7 37. Bf2 Nf6 38. h3 h5 39. Kd2 Ng8 40. Kc2
Ne7 41. Kb3 Nc6 42. Bg1 Ke6 43. Bf2 Kf6 44. Bg1 Kg6 45. Bf2 Kg7 46. Bg1 Kf8 47.
Bf2 Ke7 48. Bg1 Kd6 49. Bf2 Kd5 50. Bg1 Nd8 51. Bf2 Ne6 52. Kc2 Kd6 53. Bg1 Ke7
54. Bf2 Kf6 55. Bg1 Kg6 56. Bf2 h4 57. gxh4 Nxf4 58. Bxd4 Nxh3 59. Kd2 Nf4 60.
Be5 Nd5 61. Bd6 Kh5 62. Ke2 Kxh4 63. Kf3 Kg5 64. d4 Kf6 65. Bc5 Ke6 66. Bf8 Nf6
67. Kf4 Ne4 {Time forfeit} 0-1

[Event "Rated Blitz tournament VgttONuC"]
[Site "?"]
[Date "2021.03.07"]
[Round "?"]
[White "sloeber84"]
[Black "JohanDerksen"]
[Result "0-1"]
[ECO "C46"]
[WhiteElo "2248"]
[BlackElo "2552"]
[PlyCount "72"]
[EventDate "2021.??.??"]
[EventType "blitz"]
[TimeControl "180+2"]

1. e4 e5 2. Nf3 Nf6 3. Nc3 Nc6 4. Nxe5 Nxe5 5. d4 Nc6 6. d5 Ne5 7. f4 Ng6 8. e5
Ng8 9. d6 cxd6 10. exd6 Qb6 11. Nb5 Kd8 12. a4 a6 13. a5 Qc6 14. Nc7 Rb8 15.
Nd5 Bxd6 16. Be3 Bc5 17. f5 N6e7 18. Bf4 Bd6 19. c4 Bxf4 20. Nxf4 Qe4+ 21. Ne2
Nf6 22. Qd6 Nc6 23. O-O-O Re8 24. Nc3 Qe5 25. Qd3 Qe3+ 26. Qxe3 Rxe3 27. h3 h5
28. Rg1 h4 29. Nd5 Nxd5 30. cxd5 Nxa5 31. d6 b5 32. Kd2 Re5 33. Bd3 Rb6 34. g4
hxg3 35. Rxg3 Rc6 36. Rxg7 Nb3# {Normal} 0-1

[Event "Rated Blitz game"]
[Site "?"]
[Date "2021.03.07"]
[Round "?"]
[White "Smetanov_N"]
[Black "TheflexiblePanov"]
[Result "1-0"]
[ECO "C46"]
[WhiteElo "2396"]
[BlackElo "2699"]
[PlyCount "107"]
[EventDate "2021.??.??"]
[EventType "blitz"]
[TimeControl "180+2"]

1. e4 Nc6 2. Nc3 e5 3. Nf3 Nf6 4. Nxe5 Nxe5 5. d4 Ng6 6. e5 Ng8 7. Bc4 d5 8.
Bxd5 N8e7 9. Bc4 a6 10. Qf3 Nf5 11. g4 Qxd4 12. gxf5 Nxe5 13. Qe2 Bxf5 14. Bb3
O-O-O 15. Be3 Qg4 16. Qxg4 Bxg4 17. O-O Nf3+ 18. Kg2 Bd6 19. Bxf7 h5 20. Ne4
Rdf8 21. Nxd6+ cxd6 22. Bd5 h4 23. h3 Bh5 24. c4 Ne5 25. c5 dxc5 26. Bxc5 Rf6
27. Bd4 Rg6+ 28. Kh2 Nf3+ 29. Bxf3 Bxf3 30. Rg1 Rxg1 31. Rxg1 Rd8 32. Bxg7 Rd2
33. Rg5 Rxf2+ 34. Kg1 Re2 35. Kf1 Rh2 36. Rc5+ Kd7 37. Rc3 Rh1+ 38. Kf2 Bc6 39.
Bf6 Rh2+ 40. Kg1 Rxb2 41. Rd3+ Kc7 42. Bxb2 b5 43. Bf6 Be4 44. Rc3+ Kd6 45.
Bxh4 Kd5 46. Bf6 b4 47. Rc1 a5 48. h4 a4 49. Be7 b3 50. axb3 axb3 51. Bf6 Bg6
52. Kf2 b2 53. Bxb2 Bf7 54. Kg3 {Normal} 1-0

[Event "Rated Blitz game"]
[Site "?"]
[Date "2021.03.06"]
[Round "?"]
[White "Djprem0ve"]
[Black "Jager90"]
[Result "0-1"]
[ECO "C46"]
[WhiteElo "2465"]
[BlackElo "2467"]
[PlyCount "40"]
[EventDate "2021.??.??"]
[EventType "blitz"]
[TimeControl "180"]

1. e4 e5 2. Nf3 Nc6 3. Nc3 Nf6 4. Nxe5 Nxe5 5. d4 Ng6 6. e5 Ng8 7. Bc4 d6 8.
Qf3 Qd7 9. O-O c6 10. exd6 Nf6 11. Re1+ Kd8 12. Bg5 Bxd6 13. Ne4 Be7 14. Nc5
Qd6 15. Bxf7 Rf8 16. Bxg6 hxg6 17. Bf4 Qd5 18. Qe2 Re8 19. Bg5 Bd7 20. h4 Bxc5
{Normal} 0-1

[Event "Rated Blitz game"]
[Site "?"]
[Date "2021.03.05"]
[Round "?"]
[White "FallschirmSpringer"]
[Black "TsapulinAnatoly"]
[Result "0-1"]
[ECO "C46"]
[WhiteElo "2488"]
[BlackElo "2510"]
[PlyCount "44"]
[EventDate "2021.??.??"]
[EventType "blitz"]
[TimeControl "180"]

1. e4 e5 2. Nf3 Nf6 3. Nc3 Nc6 4. Nxe5 Nxe5 5. d4 Ng6 6. e5 Ng8 7. Bc4 d6 8.
Qf3 f6 9. O-O dxe5 10. Bxg8 Rxg8 11. dxe5 Nxe5 12. Qh5+ g6 13. Qxh7 Rg7 14. Qh8
Qe7 15. Nd5 Qd6 16. Bh6 Rf7 17. Rad1 Bf5 18. f4 O-O-O 19. fxe5 fxe5 20. Bxf8
Rdxf8 21. Qh4 Bxc2 22. Rd2 Rxf1# {Normal} 0-1

[Event "Rated Blitz tournament ZEpFCc0D"]
[Site "?"]
[Date "2021.03.05"]
[Round "?"]
[White "kahvitauko"]
[Black "Kingwannabe"]
[Result "0-1"]
[ECO "C46"]
[WhiteElo "2478"]
[BlackElo "2302"]
[PlyCount "86"]
[EventDate "2021.??.??"]
[EventType "blitz"]
[TimeControl "300"]

1. e4 Nf6 2. Nc3 e5 3. Nf3 Nc6 4. Nxe5 Nxe5 5. d4 Bb4 6. dxe5 Nxe4 7. Qd4 Bxc3+
8. bxc3 Ng5 9. Ba3 Ne6 10. Qd2 b6 11. Bc4 Bb7 12. O-O Qh4 13. f4 O-O-O 14. Rf2
g5 15. g3 Qh5 16. f5 Nf4 17. gxf4 gxf4 18. Bd5 Rhg8+ 19. Kf1 Ba6+ 20. c4 Qh3+
21. Ke1 Qxa3 22. Rd1 Rde8 23. Qxf4 Qc3+ 24. Kf1 Rxe5 25. Rf3 Qxc2 26. Qd2 Bxc4+
27. Bxc4 Qxc4+ 28. Kf2 Qh4+ 29. Kf1 Qg4 30. Rg3 Qxf5+ 31. Kg1 Rxg3+ 32. hxg3
Qh3 33. Qf2 Rh5 34. Qf3 Qh2+ 35. Kf1 Qh1+ 36. Qxh1 Rxh1+ 37. Ke2 Rxd1 38. Kxd1
d5 39. Ke2 Kd7 40. Ke3 Kd6 41. Kf4 c5 42. Kf5 c4 43. g4 c3 {Normal} 0-1

[Event "Rated Blitz game"]
[Site "?"]
[Date "2021.03.05"]
[Round "?"]
[White "lederman"]
[Black "ikey80"]
[Result "0-1"]
[ECO "C46"]
[WhiteElo "2425"]
[BlackElo "2450"]
[PlyCount "72"]
[EventDate "2021.??.??"]
[EventType "blitz"]
[TimeControl "180+2"]

1. e4 e5 2. Nf3 Nc6 3. Nc3 Nf6 4. Nxe5 Nxe5 5. d4 Ng6 6. e5 Ng8 7. Bc4 c6 8.
Qf3 d5 9. exd6 Nf6 10. Qe2+ Kd7 11. d5 Qe8 12. Be3 Bxd6 13. dxc6+ bxc6 14.
O-O-O Kc7 15. Rhe1 Be6 16. Bb3 Bxb3 17. axb3 Qe5 18. Qa6 Rhb8 19. Qc4 Kb7 20.
Qxf7+ Qe7 21. Qc4 Ne5 22. Qa4 Qc7 23. f4 Ned7 24. g3 Nb6 25. Qa5 Re8 26. Qg5
Re7 27. Bd4 Rae8 28. Rxe7 Qxe7 29. Bxf6 gxf6 30. Qf5 Bb4 31. Na4 Nd5 32. Kb1
Qe4 33. Qh5 Re7 34. Ka2 Qxc2 35. Rd4 Re1 36. Qf7+ Nc7 {Time forfeit} 0-1

[Event "Rated Blitz tournament j8fdjbKw"]
[Site "?"]
[Date "2021.03.05"]
[Round "?"]
[White "vovaches"]
[Black "renr8360"]
[Result "1-0"]
[ECO "C46"]
[WhiteElo "2574"]
[BlackElo "2365"]
[PlyCount "53"]
[EventDate "2021.??.??"]
[EventType "blitz"]
[TimeControl "180"]

1. e4 e5 2. Nf3 Nc6 3. Nc3 Nf6 4. Nxe5 Nxe5 5. d4 Nc6 6. e5 Bb4 7. exf6 Qxf6 8.
Be3 d5 9. Be2 O-O 10. O-O Be6 11. Bf3 Rad8 12. Ne2 Bd6 13. c3 Ne7 14. Qd2 h6
15. Bf4 c6 16. Rfe1 Ng6 17. Bxd6 Rxd6 18. Ng3 Nf4 19. Re5 Ng6 20. Rae1 Bh3 21.
Nh5 Nxe5 22. Nxf6+ Rxf6 23. dxe5 Rxf3 24. gxf3 Re8 25. e6 fxe6 26. Qf4 Bf5 27.
Qxf5 {Normal} 1-0

[Event "Rated Rapid game"]
[Site "?"]
[Date "2021.03.04"]
[Round "?"]
[White "khalid_ontawar"]
[Black "MassterofMayhem"]
[Result "0-1"]
[ECO "C46"]
[WhiteElo "2240"]
[BlackElo "2468"]
[PlyCount "141"]
[EventDate "2021.??.??"]
[EventType "rapid"]
[TimeControl "15+20"]

1. e4 e5 2. Nc3 Nf6 3. Nf3 Nc6 4. Nxe5 Nxe5 5. d4 Nc6 6. d5 Ne5 7. f4 Ng6 8. e5
Ng8 9. d6 cxd6 10. exd6 Qb6 11. Nb5 Kd8 12. Qd3 a6 13. Nc7 Rb8 14. Nd5 Qxd6 15.
Be3 b5 16. O-O-O Nf6 17. Nxf6 Qxf6 18. g3 Ne7 19. Bh3 Qc6 20. Rhe1 d5 21. Bg2
Bf5 22. Qd2 Be6 23. Bd4 Nf5 24. g4 Nxd4 25. Qxd4 Qc4 26. Qa7 Qxf4+ 27. Kb1 Qc7
28. Qxa6 Qb6 29. Qxb6+ Rxb6 30. Bxd5 Kc7 31. Bxe6 Rxe6 32. Rf1 f6 33. Rf5 Re5
34. Rf3 Bc5 35. Rfd3 Re7 36. a3 Rhe8 37. Rc3 Kb6 38. b4 Be3 39. Rd6+ Kb7 40.
Rd5 Bb6 41. Rxb5 Re5 42. Rcc5 Ka6 43. Rxe5 Rxe5 44. Rxe5 fxe5 45. c4 Bd4 46.
Kc2 e4 47. h3 Kb6 48. a4 Kc6 49. a5 g6 50. Kd2 h5 51. gxh5 gxh5 52. Kc2 Kd6 53.
Kb3 Ke5 54. b5 Kd6 55. b6 Kc6 56. Kc2 Kb7 57. Kd2 Ka6 58. Ke2 Kb7 59. Kd2 Kc6
60. Ke2 Kd6 61. Kd2 Bc5 62. Ke2 Ke5 63. b7 Ba7 64. a6 Kd4 65. Kd2 Kxc4 66. Ke2
Kd4 67. Kd2 e3+ 68. Ke2 Ke4 69. Kf1 Kf3 70. h4 e2+ 71. Ke1 {Normal} 0-1

[Event "Rated Blitz game"]
[Site "?"]
[Date "2021.03.04"]
[Round "?"]
[White "lederman"]
[Black "magila"]
[Result "1-0"]
[ECO "C46"]
[WhiteElo "2417"]
[BlackElo "2419"]
[PlyCount "37"]
[EventDate "2021.??.??"]
[EventType "blitz"]
[TimeControl "180+2"]

1. e4 e5 2. Nf3 Nc6 3. Nc3 Nf6 4. Nxe5 Nxe5 5. d4 Ng6 6. e5 Ng4 7. Qxg4 d6 8.
Qe4 Be7 9. Bd3 O-O 10. O-O c6 11. Bd2 d5 12. Qe2 Qb6 13. Qe3 Qxb2 14. Rab1 Qa3
15. f4 Nh4 16. f5 g6 17. Rb3 Qa5 18. f6 Bb4 19. Qh6 {Time forfeit} 1-0

[Event "Rated Rapid tournament JWYYlSoN"]
[Site "?"]
[Date "2021.03.04"]
[Round "?"]
[White "benjaminkreutzfeld"]
[Black "gkoul"]
[Result "1-0"]
[ECO "C46"]
[WhiteElo "2478"]
[BlackElo "2249"]
[PlyCount "61"]
[EventDate "2021.??.??"]
[EventType "rapid"]
[TimeControl "600"]

1. e4 e5 2. Nf3 Nc6 3. Nc3 Nf6 4. Nxe5 Nxe5 5. d4 Ng6 6. e5 d5 7. exf6 gxf6 8.
Bd3 Bb4 9. O-O Be6 10. Qf3 c6 11. Re1 Qe7 12. Bd2 Bxc3 13. Bxc3 O-O-O 14. a4 h5
15. a5 Rdg8 16. g3 h4 17. a6 b6 18. Ra3 hxg3 19. fxg3 Qd6 20. Bd2 Nh4 21. Qf2
Bg4 22. Bf4 Qd7 23. gxh4 Bh3+ 24. Bg3 Rxh4 25. Rc3 f5 26. Bb5 Rg6 27. Bxc6 Rxc6
28. Rxc6+ Qxc6 29. Bxh4 f4 30. Qxf4 Qxc2 31. Rc1 {Normal} 1-0

[Event "Rated Blitz game"]
[Site "?"]
[Date "2021.03.04"]
[Round "?"]
[White "vladlitus"]
[Black "VladmirCortelinho"]
[Result "1-0"]
[ECO "C46"]
[WhiteElo "2371"]
[BlackElo "2407"]
[PlyCount "49"]
[EventDate "2021.??.??"]
[EventType "blitz"]
[TimeControl "180"]

1. e4 e5 2. Nc3 Nc6 3. Nf3 Nf6 4. Nxe5 Nxe5 5. d4 Nc6 6. d5 Nb8 7. e5 Ng8 8. d6
Nc6 9. Nb5 cxd6 10. exd6 Bxd6 11. Nxd6+ Kf8 12. Bc4 Qe7+ 13. Be3 Ne5 14. Bb3
Nf6 15. O-O Nfg4 16. Bc5 Kg8 17. h3 Qh4 18. Nf5 Qg5 19. Ne7+ Kf8 20. Nxc8+ Ke8
21. Nd6+ Kd8 22. f4 Qh4 23. fxe5 Nxe5 24. Nxf7+ Nxf7 25. Rxf7 {Normal} 1-0

[Event "Rated Blitz game"]
[Site "?"]
[Date "2021.03.04"]
[Round "?"]
[White "Cuackiera"]
[Black "WHice"]
[Result "0-1"]
[ECO "C46"]
[WhiteElo "2298"]
[BlackElo "2475"]
[PlyCount "86"]
[EventDate "2021.??.??"]
[EventType "blitz"]
[TimeControl "180"]

1. e4 e5 2. Nc3 Nc6 3. Nf3 Nf6 4. Nxe5 Nxe5 5. d4 Nc6 6. d5 Ne5 7. f4 Ng6 8. e5
Ng8 9. d6 cxd6 10. exd6 Bxd6 11. Qxd6 N8e7 12. Bc4 O-O 13. O-O Nf5 14. Qd3 d6
15. g4 Qb6+ 16. Kh1 Nfh4 17. Nd5 Qc6 18. Bb5 Qc5 19. Be3 Qxb5 20. Qxb5 Bxg4 21.
c4 a6 22. Qb3 Rae8 23. Rae1 Nf3 24. Bf2 Nxe1 25. Rxe1 Rb8 26. h3 Be6 27. Qf3
Bf5 28. Ne7+ Nxe7 29. Rxe7 b5 30. c5 dxc5 31. Bxc5 Rfd8 32. Kh2 g6 33. b4 Rd2+
34. Kg1 Rbd8 35. Re2 R2d3 36. Re8+ Rxe8 37. Qc6 Red8 38. Kf2 Rxh3 39. Qf6 Rd2+
40. Ke1 Rhh2 41. Qb6 Rhe2+ 42. Kf1 Bh3+ 43. Kg1 Rd1# {Normal} 0-1

[Event "Rated Rapid tournament cQkWUxZy"]
[Site "?"]
[Date "2021.03.03"]
[Round "?"]
[White "benjaminkreutzfeld"]
[Black "lemarzio"]
[Result "1/2-1/2"]
[ECO "C46"]
[WhiteElo "2457"]
[BlackElo "2383"]
[PlyCount "64"]
[EventDate "2021.??.??"]
[EventType "rapid"]
[TimeControl "600"]

1. e4 e5 2. Nf3 Nc6 3. Nc3 Nf6 4. Nxe5 Nxe5 5. d4 Ng6 6. e5 Ng8 7. Bc4 d5 8.
Bxd5 Bb4 9. Qf3 Qd7 10. O-O c6 11. Bb3 Nh4 12. Qh5 Ng6 13. Ne4 Qg4 14. Qxg4
Bxg4 15. Bg5 h6 16. Be3 Bf5 17. Ng3 Be6 18. c3 Be7 19. f4 Nh4 20. f5 Bxb3 21.
axb3 g6 22. f6 Bd8 23. Bf4 Bb6 24. Ne4 O-O-O 25. h3 Nf5 26. Ra4 h5 27. g3 Ngh6
28. Kg2 Rd5 29. Kf3 Nxd4+ 30. cxd4 Nf5 31. Kg2 Bxd4 32. Re1 Re8 {Normal}
1/2-1/2